 Dungeon Crawl Stone Soup version 0.27.1-2-g3b301248ec (webtiles) character file.

Game seed: 2666270192334664632

75 SibleyIrresistible the Gusty (level 4, 0/26 HPs)
             Began as a Tengu Air Elementalist on Sept 26, 2021.
             Slain by an orc (4 damage)
             ... on level 3 of the Dungeon.
             The game lasted 00:08:52 (2278 turns).

SibleyIrresistible the Gusty (TeAE)                 Turns: 2278, Time: 00:08:53

Health: 0/26       AC:  2    Str:  8    XL:     4   Next: 31%
Magic:  1/8        EV: 12    Int: 16    God:
Gold:   73         SH:  0    Dex: 15    Spells: 1/7 levels left

rFire    . . .     SeeInvis .   (no weapon)
rCold    . . .     Faith    .   (no shield)
rNeg     . . .     Spirit   .   a - +0 robe
rPois    .         Reflect  .   (helmet restricted)
rElec    .         Harm     .   (no cloak)
rCorr    .         Rampage  .   (no gloves)
Will     .....                  (boots unavailable)
Stlth    ++........             (no amulet)
HPRegen  0.08/turn              (no ring)
MPRegen  0.11/turn              (no ring)

@: no status effects
A: beak, talons 3
a: no special abilities


You were on level 3 of the Dungeon.
You visited 1 branch of the dungeon, and saw 3 of its levels.

You collected 73 gold pieces.

Inventory:

Armour
 a - a +0 robe (worn)
Scrolls
 c - 2 scrolls of identify {unknown}
 d - a scroll of amnesia {unknown}


   Skills:
 + Level 2.0 Fighting
 - Level 2.1 Dodging
 - Level 2.0 Stealth
 - Level 2.0 Spellcasting
 - Level 1.3 Conjurations
 * Level 5.9 Air Magic


You had one spell level left.
You knew the following spells:

 Your Spells              Type           Power      Damage    Failure   Level
a - Shock                 Conj/Air       52%        1d6       4%          1
b - Static Discharge      Conj/Air       13%        N/A       7%          2
c - Swiftness             Air            20%        N/A       5%          3

Your spell library contained the following spells:

 Spells                   Type           Power      Damage    Failure   Level
 Beastly Appendage        Tmut           2%         N/A       21%         1
 Airstrike                Air            10%        N/A       19%         4
 Slow                     Hex            1%         N/A       30%         2
 Sublimation of Blood     Necr           0%         N/A       30%         2
 Wereblood                Tmut           1%         N/A       30%         2
 Confusing Touch          Hex            1%         N/A       52%         3
 Spider Form              Tmut/Pois      0%         N/A       52%         3
 Vampiric Draining        Necr           0%         2d6       52%         3
 Summon Hydra             Summ           0%         N/A       100%        7


Dungeon Overview and Level Annotations

Branches:
Dungeon (3/15)

Altars:


Innate Abilities, Weirdness & Mutations

You have a beak for a mouth.
You have claws for feet.


Message History

You feel less confused. The orc hits you with a +0 flail!
* * * LOW HITPOINT WARNING * * *
Your magical contamination has completely faded away.
Casting: Shock (safe; 4% risk of failure)
Confirm with . or Enter, or press ? or * to list all spells.
Aiming: Shock (safe; 4% risk of failure)
Press: ? - help, Shift-Dir - straight line, f - orc wizard, p - orc
Aim: an orc wizard, wielding a +0 dagger and wearing a +0 robe (lightly wounded, 60% to hit)
The zap hits the orc.
You kill the orc!
The zap misses the orc wizard.
Casting: Shock (safe; 4% risk of failure)
Confirm with . or Enter, or press ? or * to list all spells.
Aiming: Shock (safe; 4% risk of failure)
Press: ? - help, Shift-Dir - straight line, f - orc, p - orc wizard
Aim: an orc, wielding a +0 club and wearing a +0 leather armour (heavily wounded, 68% to hit)
The zap hits the orc.
You kill the orc!
The zap misses the orc.
The orc wizard misses you.
Your Fighting skill increases to level 2!
Casting: Shock (safe; 4% risk of failure)
Confirm with . or Enter, or press ? or * to list all spells.
Aiming: Shock (safe; 4% risk of failure)
Press: ? - help, Shift-Dir - straight line, f - orc
Aim: an orc, wielding a +0 club (lightly wounded, 68% to hit)
The zap hits the orc.
The orc is severely wounded.
The orc wizard points at you and mumbles some strange words.
You resist with some effort. The orc hits you but does no damage.
Casting: Shock (safe; 4% risk of failure)
Confirm with . or Enter, or press ? or * to list all spells.
Aiming: Shock (safe; 4% risk of failure)
Press: ? - help, Shift-Dir - straight line, f/p - orc
Aim: an orc, wielding a +0 club (severely wounded, 68% to hit)
The zap misses the orc.
The orc wizard hits you with a +0 dagger.
* * * LOW HITPOINT WARNING * * *
The orc hits you with a +0 club.
You die...

#........####
#............
#............
#............
#............
#............
#............
#..o.....#
#.@o.....#
###......#
#......#
#......#
#......######
######......#
#......#
#).....#
###......#


You could see an orc wizard and an orc.

Vanquished Creatures
  Terence (D:2)
  An adder (D:2)
  A worm (D:2)
  A dart slug (D:1)
  3 orcs (D:3)
  5 endoplasms (D:1)
  A giant cockroach (D:1)
  3 goblins
  3 hobgoblins
  3 ball pythons
  8 bats
  2 kobolds (D:1)
  3 rats
35 creatures vanquished.

Vanquished Creatures (others)
  3 demonic plants (D:1)
  13 plants (D:1)
  A withered plant (D:1)
17 creatures vanquished.

Grand Total: 52 creatures vanquished

Notes
Turn   | Place    | Note
-------+----------+-------------------------------------------
     0 | D:1      | SibleyIrresistible the Tengu Air Elementalist began the
                  | quest for the Orb.
     0 | D:1      | Reached XP level 1. HP: 10/10 MP: 4/4
   166 | D:1      | Found a faded altar of an unknown god.
   350 | D:1      | Reached XP level 2. HP: 16/16 MP: 4/6
   512 | D:1      | Reached skill level 1 in Fighting
   624 | D:1      | Learned a level 2 spell: Static Discharge
   915 | D:1      | Reached skill level 5 in Air Magic
  1064 | D:1      | Reached XP level 3. HP: 20/20 MP: 4/7
  1197 | D:2      | Learned a level 3 spell: Swiftness
  1201 | D:2      | Noticed Terence
  1209 | D:2      | Killed Terence
  1528 | D:2      | Reached XP level 4. HP: 19/26 MP: 4/8
  2278 | D:3      | Slain by an orc

Illustrated notes

Levels and vault maps discovered:
D:1:      lordsloth_arrival_two_stooges, layout_basic,
          shapermc_ecumenical_altar_gd, serial_bayou_lake_a
D:2:      layout_loops_cross, uniq_terence
D:3:      layout_basic, kennysheep_cross_bottleneck, uniq_ijyb,
          uniq_crazy_yiuf_cottage

Skill      XL: |  1  2  3  4 |
---------------+-------------+-----
Fighting       | 1 2 |  2.0
Air Magic      | 5 |  5.9
Dodging        | |  2.1
Stealth        | |  2.0
Spellcasting   | |  2.0
Conjurations   | |  1.3

Action                   |  1- 3 |  4- 6 || total
-------------------------+-------+-------++-------
Melee: Unarmed           |    14 |       ||    14
       Kick              |     5 |       ||     5
       Peck              |     3 |       ||     3
 Cast: Shock             |    62 |    20 ||    82
  Use: Potion            |       |     1 ||     1
 Stab: Sleeping          |     1 |       ||     1
Armor: Robe              |     2 |     1 ||     3
Dodge: Dodged            |     8 |     6 ||    14
